 Dungeon Crawl Stone Soup version 0.27-a0-562-g0d39f094a4 (webtiles) character file.

Game seed: 8418964822887128430

121 jestyr24 the Shield-Bearer (level 4, -7/35 HPs)
             Began as a Demonspawn Fighter on Mar 8, 2021.
             Was an Initiate of Okawaru.
             Killed by divine providence
             ... invoked by an orc priest
              (13 damage)
             ... on level 3 of the Dungeon.
             The game lasted 00:10:00 (2434 turns).

jestyr24 the Shield-Bearer (Demonspawn Fighter)     Turns: 2434, Time: 00:10:01

Health: -7/35      AC: 10    Str: 18    XL:     4   Next: 76%
Magic:  4/4        EV:  7    Int:  9    God:    Okawaru [......]
Gold:   119        SH: 13    Dex: 12    Spells: 3/3 levels left

rFire    . . .     SeeInvis .   a - +0 long sword
rCold    . . .     Faith    .   c - +0 kite shield
rNeg     . . .     Spirit   .   b - +0 scale mail
rPois    .         Reflect  .   (no helmet)
rElec    .         Harm     .   (no cloak)
rCorr    +         Rampage  .   (no gloves)
Will     +....                  (no boots)
Stlth    ..........             (no amulet)
HPRegen  0.11/turn              k - ring of resist corrosion
MPRegen  0.09/turn              m - ring of willpower

@: no status effects
A: icemail 1, condensation shield
a: Renounce Religion


You were on level 3 of the Dungeon.
You worshipped Okawaru.
Okawaru was noncommittal.
You visited 1 branch of the dungeon, and saw 3 of its levels.

You collected 119 gold pieces.

Inventory:

Hand Weapons
 a - a +0 long sword (weapon)
Missiles
 l - 2 atropa-tipped darts (quivered)
Armour
 b - a +0 scale mail (worn)
 c - a +0 kite shield (worn)
Jewellery
 k - a ring of resist corrosion (left hand)
 m - a ring of willpower (right hand)
Scrolls
 e - 3 scrolls of identify {unknown}
 f - a scroll of enchant weapon {unknown}
 i - 3 scrolls of teleportation {unknown}
 o - 2 scrolls of fog {unknown}
 q - a scroll of fear {unknown}
 s - a scroll of immolation {unknown}
Potions
 d - 3 potions of might
 g - a potion of heal wounds {unknown}
 h - 2 potions of lignification {unknown}
 j - a potion of haste {unknown}
 n - 2 potions of curing {unknown}
 p - 2 potions of flight {unknown}
 r - a potion of ambrosia {unknown}
 t - a potion of attraction {unknown}


   Skills:
 + Level 3.2 Fighting
 + Level 2.7 Long Blades
 + Level 3.2 Armour
 + Level 0.2 Dodging
 + Level 3.8 Shields


You had 3 spell levels left.
You didn't know any spells.
Your spell library was empty.

Dungeon Overview and Level Annotations

Branches:
Dungeon (3/15)

Altars:
Okawaru
Uskayaw


Innate Abilities, Weirdness & Mutations

A meltable icy envelope protects you from harm. (AC +4)
A meltable shield of frost defends you. (SH +4)


Message History

You miss the bat. The bat hits you but does no damage.
You block the bat's attack. The bat barely misses you.
You riposte.
You hit the bat.
The bat is severely wounded.
You barely miss the bat.
The bat is severely wounded.
You block the bat's attack. The bat hits you but does no damage. x2
The orc priest mumbles some strange prayers to Beogh against you.
Beogh smites you!
* * * LOW HITPOINT WARNING * * *
You miss the bat.
The bat is severely wounded.
You block the bat's attack. x3
You hit the bat.
You kill the bat!
Okawaru accepts your kill.
The orc throws a boomerang.
You block the boomerang.
You slash the orc!
You kill the orc!
Okawaru accepts your kill.
The orc wizard points at itself and mumbles some strange words.
The orc wizard flickers and vanishes!
Deactivating autopickup; reactivate with Ctrl-A.
Something hits you but does no damage.
Things that are here:
a +0 falchion; 4 boomerangs You hit something.
You hear some strange, mumbled words.
Something tries to affect you, but you resist.
You block something's attack.
You slash something!
The orc priest invokes the aid of Beogh against you.
Something writhes in agony!
Reactivating autopickup.
You feel a bit more experienced.
You hit the orc priest.
The orc priest is lightly wounded.
The orc priest invokes the aid of Beogh against you.
Beogh smites you!
You die...

#### ..# #.# #+##
####.######...## ####
#.....@o.#.....## ...#
#..#.###........#
...########....###........(
.................+.....[...
....#####.†....###.........
...## #.#..### #.)......#
...# #.#.## #.#.....## ...#
#.#.. ..##...## #)## #.####
### #+##


You could see an orc priest.

Vanquished Creatures
  2 adders (D:3)
  2 worms (D:2)
  2 dart slugs (D:2)
  3 leopard geckos
  An orc (D:3)
  8 bats
  2 giant cockroaches
  15 hobgoblins
  4 jackals (D:1)
  2 frilled lizards (D:2)
  8 goblins
  8 kobolds
  11 rats
68 creatures vanquished.

Vanquished Creatures (others)
  An orc wizard (D:3)
1 creature vanquished.

Grand Total: 69 creatures vanquished

Notes
Turn   | Place    | Note
-------+----------+-------------------------------------------
     0 | D:1      | jestyr24 the Demonspawn Fighter began the quest for the
                  | Orb.
     0 | D:1      | Reached XP level 1. HP: 18/18 MP: 1/1
   198 | D:1      | Gained mutation: A meltable shield of frost defends you.
                  | (SH +4) [demonic ancestry]
   198 | D:1      | Reached XP level 2. HP: 22/24 MP: 2/2
   653 | D:1      | Gained mutation: A meltable icy envelope protects you from
                  | harm. (AC +4) [demonic ancestry]
   653 | D:1      | Reached XP level 3. HP: 25/29 MP: 3/3
  1195 | D:2      | Found a faded altar of an unknown god.
  1395 | D:2      | Found an iron altar of Okawaru.
  1399 | D:2      | Became a worshipper of Warmaster Okawaru
  1699 | D:2      | Reached XP level 4. HP: 33/35 MP: 4/4
  1700 | D:2      | Noticed a +0 hand axe
  1701 | D:2      | Noticed a +0 hand axe
  1704 | D:2      | Found a hide-covered altar of Uskayaw.
  2434 | D:3      | Killed from afar by an orc priest

Illustrated notes

Levels and vault maps discovered:
D:1:      matt_arrival_los_fun, layout_loops_ring, serial_aquarium,
          aquarium_bridge_straight [aquarium_subvault_bridge,
          aquarium_subvault_window, aquarium_subvault_bridge,
          aquarium_subvault_window], aquarium_bridge_straight
          [aquarium_subvault_bridge, aquarium_subvault_wall,
          aquarium_subvault_bridge, aquarium_subvault_wall], aquarium_window_1,
          aquarium_window_1, aquarium_window_fake, aquarium_window_fake,
          aquarium_view_2g, corexii_item_surrounded_by_moat
D:2:      layout_basic, dancing_weapons_uskayaw, marbit_many_paths,
          chequers_ecumenical_altar_island
D:3:      layout_loops_corners, minmay_misc_feat_square, bloody_trog,
          uniq_terence

Skill      XL: |  1  2 |
---------------+-------+-----
Long Blades    | 2 |  2.7
Armour         | 3 |  3.2
Shields        | 3 |  3.8
Fighting       | |  3.2
Dodging        | |  0.2

Action                   |  1- 3 |  4- 6 || total
-------------------------+-------+-------++-------
Melee: Long sword        |   176 |    48 ||   224
Armor: Scale mail        |    76 |    33 ||   109
Dodge: Dodged            |    33 |    11 ||    44
Block: Kite shield       |   137 |    40 ||   177
       Rpst.: Long sword |    12 |     6 ||    18

Table legend: (Time is in decaauts)
 A = Elapsed time spent in this place.
 B = Non-inter-level travel time spent in this place.
 C = Inter-level travel time spent in this place.
 D = Time resting spent in this place.
 E = Time spent auto-exploring this place.
 F = Levels seen in this place.
 G = Mean time per level.
                   A        B        C        D        E       F      G
               +--------+--------+--------+--------+--------+-----+--------+
         Total |   2558 |   2558 |      0 |    120 |   1487 |   3 |  852.7 |
       Dungeon |   2558 |   2558 |      0 |    120 |   1487 |   3 |  852.7 |
               +--------+--------+--------+--------+--------+-----+--------+

Top non-repeatable levels by time:
     D:2: 1364 daAuts
     D:1: 1008 daAuts
     D:3: 185 daAuts
